 Dungeon Crawl Stone Soup version 0.30-a0-218-gedb9141078 (webtiles) character file.

Game seed: 6774666625232277401

160 KennySheep the Trooper (level 5, -2/54 HPs)
             Began as an Ogre Gladiator on Oct 6, 2022.
             Was a Follower of Okawaru.
             Slain by a kobold brigand
             ... wielding a +0 short sword
              (7 damage)
             ... in a sewer.
             The game lasted 00:06:53 (2615 turns).

KennySheep the Trooper (Ogre Gladiator)             Turns: 2615, Time: 00:06:54

Health: -2/54      AC:  3    Str: 20    XL:     5   Next: 41%
Magic:  3/5        EV: 12    Int:  9    God:    Okawaru [*.....]
Gold:   211        SH:  0    Dex: 10    Spells: 4/4 levels left

rFire   + . .      SeeInvis .    a - +0 flail
rCold   + . .      Faith    .    (no shield)
rNeg    . . .      Spirit   .    b - +0 robe
rPois   .          Reflect  .    c - +0 hat
rElec   .          Harm     .    e - scarf {rC+ rF+}
rCorr   .          Rampage  .    (gloves unavailable)
Will    .....                    (boots unavailable)
Stlth   +++.......               (no amulet)
HPRegen 0.29/turn                (no ring)
MPRegen 0.09/turn                (no ring)

@: lethally poisoned (-2 -> -3), heroic, slowed, very slow
A: large, unfitting armour, tough skin 1
a: Renounce Religion, Heroism


You were in a sewer.
You worshipped Okawaru.
Okawaru was aware of your devotion.
You visited 1 branch of the dungeon, and saw 4 of its levels.
You also visited: Sewer.

You collected 211 gold pieces.

Inventory:

Hand Weapons
 a - a +0 flail (weapon)
Missiles
 p - 9 stones (quivered)
Armour
 b - a +0 robe (worn)
 c - a +0 hat (worn)
 e - a scarf of resistance (worn)
Scrolls
 h - a scroll of vulnerability
 k - a scroll of fear
 m - 2 scrolls of blinking
 n - a scroll of noise
Potions
 f - a potion of attraction {unknown}
 i - a potion of curing {unknown}
 j - a potion of cancellation {unknown}
 o - a potion of brilliance {unknown}


   Skills:
 + Level 4.1(9.1) Fighting
 + Level 3.4(8.4) Maces & Flails
 * Level 4.0(9.0) Throwing
 - Level 2.6(7.6) Dodging
 + Level 1.1 Invocations


You had 4 spell levels left.
You didn't know any spells.
Your spell library was empty.

Dungeon Overview and Level Annotations

Branches:
Dungeon (4/15)              Sewer (1/1)
 Temple: D:4-7

Altars:
Okawaru
Zin

Shops:
D:3 (


Innate Abilities, Weirdness & Mutations

You are too large for most types of armour.
You have tough skin. (AC +1)


Message History

You have difficulty breathing.
You feel yourself slow down.
You hit the kobold brigand.
The kobold brigand is lightly wounded.
You feel very sick. The kobold hits you with a +0 dagger.
The kobold brigand struggles against the net.
You sock the kobold brigand!
The kobold brigand is moderately wounded.
You feel very sick.
The jackal bites you but does no damage.
The kobold brigand hits you with a +0 dagger.
The kobold hits you with a +0 dagger.
The kobold brigand struggles against the net.
The jackal barely misses you. The jackal bites you.
You sock the kobold brigand!
The kobold brigand is severely wounded.
You feel very sick. The jackal misses you. The kobold barely misses you.
The kobold brigand struggles against the net.
The jackal closely misses you. The kobold hits you but does no damage.
The kobold brigand splashes around in the water.
You hit the kobold brigand.
The kobold brigand is almost dead.
You feel sick. The jackal barely misses you.
The kobold brigand struggles against the net.
The net rips apart, and the kobold brigand comes free!
The kobold hits you with a +0 dagger.
* * * LOW HITPOINT WARNING * * *
The jackal closely misses you. The kobold brigand closely misses you.
The kobold hits you but does no damage. The jackal bites you.
* * * LOW HITPOINT WARNING * * *
The kobold brigand splashes around in the water.
The kobold brigand hits you with a +0 short sword.
* * * LOW HITPOINT WARNING * * *
You gain the combat prowess of a mighty hero.
You feel sick. The jackal barely misses you. The kobold closely misses you.
The kobold brigand hits you with a +0 dagger.
* * * LOW HITPOINT WARNING * * *
The kobold brigand hits you with a +0 short sword!
You die...

### #∩# ############
###.###..~...~~.(#
######......~..~~~~~..#
##≈≈≈~~~~~~~~~~~~~≈≈≈~.#.
≈≈≈≈≈≈≈≈≈≈≈≈≈≈≈≈≈≈≈≈≈~...
#≈≈≈≈≈~~~~≈~~~~~~~≈≈≈~.#
#######......~~hKK~~~.~#
#######.~.@KK..~.#
##~######### #~# #~# #~#
#~# #~# #~# #~#


You could see 2 kobold brigands, a jackal and 2 kobolds.

Vanquished Creatures
  3 river rats (D:4)
  5 adders
  4 worms
  3 dart slugs
  An orc (D:3)
  7 endoplasms
  6 giant cockroaches
  3 goblins
  2 hobgoblins
  6 jackals
  6 kobolds
  3 quokkas
  5 ball pythons
  6 bats
  5 frilled lizards
  5 rats
70 creatures vanquished.

Vanquished Creatures (others)
  7 fungi (D:3)
  4 toadstools (D:3)
11 creatures vanquished.

Grand Total: 81 creatures vanquished

Notes
Turn   | Place    | Note
-------+----------+-------------------------------------------
     0 | D:1      | KennySheep the Ogre Gladiator began the quest for the Orb.
     0 | D:1      | Reached XP level 1. HP: 22/22 MP: 1/1
   146 | D:1      | Reached XP level 2. HP: 29/29 MP: 2/2
   417 | D:1      | You fall into a shaft and drop 1 floor!
   520 | D:2      | Reached XP level 3. HP: 37/37 MP: 3/3
   983 | D:2      | Reached XP level 4. HP: 19/45 MP: 4/4
  1095 | D:2      | Found a faded altar of an unknown god.
  1126 | D:2      | Prayed at the altar of an unknown god.
  1126 | D:2      | Became a worshipper of Warmaster Okawaru
  1126 | D:2      | Reached * piety under Okawaru
  1465 | D:3      | Found a glowing silver altar of Zin.
  1747 | D:3      | Found Zuzy's Weapon Emporium.
  2326 | D:3      | Reached XP level 5. HP: 20/54 MP: 5/5
  2485 | D:4      | Reached skill level 1 in Invocations
  2503 | D:4      | Found a glowing drain.
  2510 | Sewer    | Entered a sewer
  2591 | Sewer    | Noticed a kobold brigand
  2594 | Sewer    | Noticed a kobold brigand
  2615 | Sewer    | Slain by a kobold brigand

Illustrated notes

Levels and vault maps discovered:
D:1:      amcnicky_arrival_single_pillar, layout_loops_corners
D:2:      layout_rooms, hellmonk_ecumenical_altar_arch_garden
D:3:      layout_loops_ring, overflow_temple_1_default, serial_shops,
          nicolae_shop_bloodbath_and_beyond, minmay_gold_behind_fungi
D:4:      kennysheep_six_static_rooms, layout_loops_ring,
          ashenzari_conservatory_becter, mainiacjoe_overflow_tiny_flanked,
          mainiacjoe_overflow_alcove_3, lightli_sewer_entry_pipes, st_stairs_10,
          uniq_natasha
Sewer:    sewer_kobolds

Skill      XL: |  1  2  3  4  5 |
---------------+----------------+-----
Fighting       | 3 4 |  4.1
Maces & Flails | 3 |  3.4
Throwing       | 3 4 |  4.0
Invocations    | 1 |  1.1
Dodging        | |  2.6

Action                   |  1- 3 |  4- 6 || total
-------------------------+-------+-------++-------
Melee: Flail             |   109 |   132 ||   241
       Punch             |       |     1 ||     1
Throw: Stone             |    10 |     8 ||    18
       Throwing net      |       |     6 ||     6
       Large rock        |       |     1 ||     1
Invok: Heroism           |       |     1 ||     1
  Use: Scroll            |       |     6 ||     6
Armor: Robe              |    46 |    43 ||    89
Dodge: Dodged            |   100 |    86 ||   186

Table legend: (Time is in decaauts)
 A = Elapsed time spent in this place.
 B = Non-inter-level travel time spent in this place.
 C = Inter-level travel time spent in this place.
 D = Time resting spent in this place.
 E = Time spent auto-exploring this place.
 F = Levels seen in this place.
 G = Mean time per level.
                   A        B        C        D        E       F      G
               +--------+--------+--------+--------+--------+-----+--------+
         Total |   2704 |   2609 |     95 |    266 |   1688 |   5 |  540.8 |
       Dungeon |   2576 |   2481 |     95 |    266 |   1608 |   4 |  644.0 |
         Sewer |    127 |    127 |      0 |      0 |     80 |   1 |  127.0 |
               +--------+--------+--------+--------+--------+-----+--------+

Top non-repeatable levels by time:
     D:2: 1050 daAuts
     D:3: 976 daAuts
     D:1: 423 daAuts
   Sewer: 127 daAuts
     D:4: 126 daAuts
